 Dungeon Crawl Stone Soup version 0.32-a0-43-g058985b245 (webtiles) character file.

Game seed: 1098814765257721969

142 pokeman the Magician (level 5, -1/29 HPs)
             Began as a Deep Elf Hedge Wizard on Feb 4, 2024.
             Succumbed to a goblin's poison
             ... on level 3 of the Dungeon.
             The game lasted 00:05:22 (2022 turns).

pokeman the Magician (Deep Elf Hedge Wizard)        Turns: 2022, Time: 00:05:22

Health: -1/29      AC:  2    Str:  7    XL:     5   Next: 3%
Magic:  1/15       EV: 13    Int: 21    God:
Gold:   69         SH:  0    Dex: 14    Spells: 4/16 levels left

rFire   . . .        m - +1 short sword (elec)
rCold   . . .        (no shield)
rNeg    . . .        b - +0 robe
rPois   .            c - +0 hat
rElec   .            (no cloak)
rCorr   +            (no gloves)
SInv    .            (no boots)
Will    .....        (no amulet)
Stlth   +            a - ring of resist corrosion
HPRegen 0.24/turn    (no ring)
MPRegen 0.14/turn

%: no passive effects
@: lethally poisoned (-1 -> -12), very slow
A: no striking features
a: no special abilities


You were on level 3 of the Dungeon.
You visited 1 branch of the dungeon, and saw 3 of its levels.

You collected 111 gold pieces.
You spent 42 gold pieces at shops.

Inventory:

Hand Weapons
 m - a +1 short sword of electrocution (weapon)
Armour
 b - a +0 robe (worn)
 c - a +0 hat (worn)
Jewellery
 a - a ring of resist corrosion (left hand)
Wands
 p - a wand of flame (30)
Scrolls
 f - a scroll of brand weapon {unknown}
 k - 3 scrolls of teleportation {unknown}
 l - a scroll of fog {unknown}
 n - 2 scrolls of identify {unknown}
 o - a scroll of enchant armour {unknown}
Potions
 d - a potion of magic
 e - a potion of heal wounds {unknown}
 g - a potion of invisibility {unknown}
 h - a potion of haste {unknown}
 i - 2 potions of curing
 j - a potion of berserk rage {unknown}


   Skills:
 - Level 1.0 Fighting
 - Level 1.0 Armour
 - Level 3.0 Dodging
 - Level 3.0 Stealth
 * Level 6.0 Spellcasting
 + Level 2.4 Conjurations
 - Level 1.1 Summonings
 - Level 1.1 Translocations
 + Level 0.0 Fire Magic
 + Level 0.2 Air Magic
 + Level 0.0 Alchemy
 + Level 0.0 Evocations


You had 4 spell levels left.
You knew the following spells:

 Your Spells              Type           Power      Damage    Failure   Level
a - Magic Dart            Conj           64%        1d6       3%          1
b - Mephitic Cloud        Conj/Alch/Air  10%        N/A       21%         3
c - Call Imp              Summ           20%        N/A       10%         2
d - Blink                 Tloc           20%        N/A       10%         2
e - Ignite Poison         Fire/Alch      6%         N/A       67%         4

Your spell library contained the following spells:

 Spells                   Type           Power      Damage    Failure   Level
 Momentum Strike          Conj/Tloc      26%        3d8       7%          2
 Slow                     Hex            24%        N/A       10%         1
 Lesser Beckoning         Tloc           20%        N/A       10%         2
 Cigotuvi's Dreadful Rot  Necr/Alch/Air  12%        N/A       14%         2
 Sticky Flame             Fire/Alch      6%         2d4       67%         4
 Ignition                 Fire           3%         3d4       100%        8


Dungeon Overview and Level Annotations

Branches:
Dungeon (3/15)

Altars:
Wu Jian
Xom

Shops:
D:1 =   D:2 !

Portals:
Sewer: D:3


Message History

The orc hits you with a +0 dagger.
* * * LOW HITPOINT WARNING * * *
Your unstable footing causes you to fumble your attack.
The orc hits you with a +0 dagger.
* * * LOW HITPOINT WARNING * * *
You hit the orc. Lightning courses through the orc!
You kill the orc!
Your unstable footing causes you to fumble your attack.
The rat bites you.
* * * LOW HITPOINT WARNING * * *
You hit the rat. Lightning courses through the rat!!
You kill the rat!
You hit the goblin but do no damage. The goblin closely misses you.
You hit the goblin.
The goblin is moderately wounded.
The goblin closely misses you.
Your unstable footing causes you to fumble your attack.
The goblin hits you with a +0 dagger of venom.
* * * LOW HITPOINT WARNING * * *
You closely miss the goblin.
The goblin is moderately wounded.
The goblin hits you but does no damage.
Casting: Magic Dart (safe; 3% risk of failure)
Confirm with . or Enter, or press ? or * to list all spells.
Aiming: Magic Dart (safe; 3% risk of failure)
Press: ? - help, Shift-Dir - straight line, f - goblin
Aim: a goblin, wielding a +0 dagger of venom (moderately wounded, 100% to hit)
The magic dart hits the goblin.
The goblin is severely wounded.
The goblin hits you with a +0 dagger of venom.
* * * LOW HITPOINT WARNING * * *
You are lethally poisoned!
Casting: Magic Dart (safe; 3% risk of failure)
Confirm with . or Enter, or press ? or * to list all spells.
Aiming: Magic Dart (safe; 3% risk of failure)
Press: ? - help, Shift-Dir - straight line, f/p - goblin
Aim: a goblin, wielding a +0 dagger of venom (severely wounded, 100% to hit)
The magic dart hits the goblin.
You kill the goblin!
You die...

# # . ###### ....... #
#~#~#~##......o #
#~#~#@#..o.....
####### #~#∩##........
....... #o#~#........
#r###. #~#~##...o....
# #~#~#~#......... #
#~#r#~#oo..o..... #
#######o.........##.##
#####
##.?......≈≈≈≈≈##
....#
.######.......≈≈...≈≈#


You could see an orc.

Vanquished Creatures
  4 gnolls (D:2)
  5 adders
  3 orcs (D:3)
  5 ball pythons
  5 bats
  3 endoplasms
  3 giant cockroaches
  8 goblins
  4 hobgoblins
  4 quokkas
  2 frilled lizards
  4 kobolds
  6 rats
56 creatures vanquished.

Vanquished Creatures (others)
  A giant cockroach (D:3)
  A kobold (D:3)
  A frilled lizard (D:3)
3 creatures vanquished.

Grand Total: 59 creatures vanquished

Notes
Turn   | Place    | Note
-------+----------+-------------------------------------------
     0 | D:1      | pokeman the Deep Elf Hedge Wizard began the quest for the
                  | Orb.
     0 | D:1      | Reached XP level 1. HP: 10/10 MP: 7/7
   294 | D:1      | Reached XP level 2. HP: 15/15 MP: 7/9
   534 | D:1      | Found Fehex's Jewellery Shop.
   840 | D:2      | Reached skill level 5 in Spellcasting
   978 | D:2      | Reached XP level 3. HP: 20/20 MP: 7/11
  1106 | D:2      | Reached skill level 1 in Armour
  1128 | D:2      | Reached skill level 1 in Fighting
  1256 | D:1      | Learned a level 3 spell: Mephitic Cloud
  1259 | D:1      | Learned a level 2 spell: Call Imp
  1262 | D:1      | Learned a level 2 spell: Blink
  1277 | D:2      | Reached XP level 4. HP: 25/25 MP: 8/13
  1419 | D:2      | Found Ityxt's Distillery.
  1428 | D:2      | Bought a potion of curing for 42 gold pieces
  1801 | D:3      | Learned a level 4 spell: Ignite Poison
  1846 | D:3      | Found an ornate altar of the Wu Jian Council.
  1940 | D:3      | Found a shimmering altar of Xom.
  1990 | D:3      | Found a glowing drain.
  2000 | D:3      | Reached skill level 6 in Spellcasting
  2000 | D:3      | Reached XP level 5. HP: 13/29 MP: 1/15
  2022 | D:3      | Succumbed to a goblin's poison

Illustrated notes

Levels and vault maps discovered:
D:1:      orjb1_clovarrival, layout_rooms, serial_shops, shop
D:2:      layout_rooms, serial_shops, shop, minmay_misc_feat_diagonals
D:3:      layout_basic, nicolae_overflow_ecumenical_swirl,
          nzn_wu_jian_contemplation, xom_confusion_cloud,
          mainiacjoe_sewer_entry_somewhere_in_here_1,
          hellmonk_ecumenical_altar_inner_sanctum

Skill      XL: |  1  2  3  4 |
---------------+-------------+-----
Spellcasting   | 5 6 |  6.0
Armour         | 1 |  1.0
Fighting       | 1 |  1.0
Conjurations   | 2 |  2.4
Stealth        | 3 |  3.0
Dodging        | 3 |  3.0
Summonings     | |  1.1
Translocations | |  1.1
Air Magic      | |  0.2

Action                     |  1- 3 |  4- 6 || total
---------------------------+-------+-------++-------
  Melee: Dagger            |     7 |       ||     7
         Short sword       |     2 |    39 ||    41
         Punch             |       |     1 ||     1
   Cast: Magic Dart        |    74 |    42 ||   116
         Mephitic Cloud    |     1 |     4 ||     5
   Stab: Confused          |     1 |     2 ||     3
 Armour: Robe              |    11 |    27 ||    38
  Dodge: Dodged            |    16 |    35 ||    51

Table legend: (Time is in decaauts)
 A = Elapsed time spent in this place.
 B = Non-inter-level travel time spent in this place.
 C = Inter-level travel time spent in this place.
 D = Time resting spent in this place.
 E = Time spent auto-exploring this place.
 F = Levels seen in this place.
 G = Mean time per level.
                   A        B        C        D        E       F      G
               +--------+--------+--------+--------+--------+-----+--------+
         Total |   2038 |   2019 |     19 |      3 |   1479 |   3 |  679.3 |
       Dungeon |   2038 |   2019 |     19 |      3 |   1479 |   3 |  679.3 |
               +--------+--------+--------+--------+--------+-----+--------+

Top non-repeatable levels by time:
     D:2: 906 daAuts
     D:1: 862 daAuts
     D:3: 269 daAuts
